 Dungeon Crawl Stone Soup version 0.30-a0-900-g23479c02f2 (webtiles) character file.

Game seed: 17066454545787769586

2014 Iniera the Grasshopper (level 9, -3/45 HPs)
             Began as a Vine Stalker Conjurer on Mar 18, 2023.
             Slain by a troll (8 damage)
             ... on level 7 of the Dungeon.
             The game lasted 00:14:35 (7656 turns).

Iniera the Grasshopper (Vine Stalker Conjurer)      Turns: 7656, Time: 00:14:36

Health: -3/45      AC:  6    Str: 10    XL:     9   Next: 22%
Magic:  0/27       EV: 12    Int: 22    God:
Gold:   317        SH:  0    Dex: 13    Spells: 5/19 levels left

rFire   . . .      SeeInvis .    b - staff of conjuration
rCold   . . .      Faith    .    (no shield)
rNeg    . . .      Spirit   +    l - +0 robe
rPois   .          Reflect  .    (no helmet)
rElec   .          Rampage  .    (no cloak)
rCorr   .                        (no gloves)
Will    +....                    (no boots)
Stlth   +++                      (no amulet)
HPRegen 1.07/turn                d - +4 ring of protection
MPRegen 0.20/turn                x - ring of magical power

@: very slightly contaminated
A: fangs 3, regeneration 1, magic shield, antimagic bite, no potion heal 2
a: no special abilities


You were on level 7 of the Dungeon.
You visited 2 branches of the dungeon, and saw 8 of its levels.

You collected 317 gold pieces.

Inventory:

Hand Weapons
 a - a +1 short sword of venom
Missiles
 n - a throwing net
Armour
 l - a +0 robe (worn)
Magical Staves
 b - a staff of conjuration (weapon)
 o - a staff of cold
Jewellery
 d - a +4 ring of protection (left hand)
 q - a +6 ring of dexterity
 x - a ring of magical power (right hand)
Wands
 u - a wand of flame (12)
Scrolls
 g - 2 scrolls of vulnerability
 h - 3 scrolls of blinking
 i - 4 scrolls of teleportation
 k - a scroll of silence {unknown}
 m - a scroll of enchant weapon
 r - a scroll of enchant armour {unknown}
Potions
 c - 6 potions of curing {unknown}
 e - a potion of lignification {unknown}
 f - a potion of haste {unknown}
 j - 2 potions of degeneration {unknown}
 p - 3 potions of attraction {unknown}
 s - a potion of heal wounds {unknown}
 t - a potion of brilliance {unknown}
 v - 2 potions of magic
 w - a potion of might {unknown}
 z - a potion of mutation {unknown}


   Skills:
 + Level 3.6 Fighting
 + Level 2.7 Dodging
 - Level 4.7 Stealth
 - Level 5.7 Spellcasting
 + Level 5.5 Conjurations
 + Level 4.5 Hexes
 * Level 5.8 Translocations


You had 5 spell levels left.
You knew the following spells:

 Your Spells              Type           Power      Damage    Failure   Level
a - Magic Dart            Conj           100%       1d8       1%          1
b - Searing Ray           Conj           92%        2d7       1%          2
c - Dazzling Flash        Conj/Hex       84%        N/A       3%          3
d - Fulminant Prism       Conj/Hex       21%        3d12      12%         4
e - Iskenderun's Mystic   Conj/Tloc      47%        2d10      9%          4

Your spell library contained the following spells:

 Spells                   Type           Power      Damage    Failure   Level
 Lesser Beckoning         Tloc           64%        N/A       1%          2
 Gell's Gravitas          Tloc           32%        N/A       2%          3
 Teleport Other           Tloc           32%        N/A       2%          3


Dungeon Overview and Level Annotations

Branches:
Dungeon (7/15)             Temple (1/1) D:5

Altars:
Ashenzari
Dithmenos
Fedhas
Gozag
Hepliaklqana
Kikubaaqudgha
Makhleb
Nemelex Xobeh
Okawaru
Qazlal
Ru
Trog
Uskayaw
Wu Jian
Xom
The Shining One


Innate Abilities, Weirdness & Mutations

You have razor-sharp teeth.
Your natural rate of healing is unusually fast.
When hurt, damage is shared between your health and your magic reserves.
Your bite disrupts and absorbs the magic of your enemies.
Potions cannot restore your health.


Message History

Confirm with . or Enter, or press ? or * to list all spells.
Aiming: Searing Ray (safe; 1% risk of failure)
Press: ? - help, Shift-Dir - straight line You feel a surge of power!
The searing ray hits the troll!
The troll is moderately wounded.
The searing ray hits something but does no damage. (Press . to maintain the ray.) Unknown command.
The searing ray hits the troll but does no damage.
The troll is moderately wounded.
The searing ray hits something!
The troll bites you! The troll claws you but does no damage.
The troll claws you!
The searing ray hits the troll.
The troll is moderately wounded.
The searing ray hits something.
Reactivating autopickup.
You feel a bit more experienced. The troll bites you! The troll claws you!
The troll closely misses you.
The searing ray hits the troll!
The troll is heavily wounded.
You finish channelling your searing ray.
The troll barely misses you. x2; The troll claws you!
* * * LOW HITPOINT WARNING * * *
Unknown command.
Magic courses through your body. The troll bites you!
* * * LOW HITPOINT WARNING * * *
The troll claws you.
* * * LOW HITPOINT WARNING * * *
The troll claws you but does no damage.
Okay, then.
Casting: Searing Ray (safe; 1% risk of failure)
Confirm with . or Enter, or press ? or * to list all spells.
Okay, then.
Casting: Searing Ray (safe; 1% risk of failure)
Confirm with . or Enter, or press ? or * to list all spells.
The spell is quite dangerous to miscast (9% risk of failure)!
Continue anyway?
You feel a surge of power!
You miscast Iskenderun's Mystic Blast.
You are very lightly contaminated with residual magic.
Nothing appears to happen.
The troll barely misses you. The troll claws you!
You die...

#.#.#.#######
#.#.#.#####..
#.#.#.......#
#.#.#########
#.#........|.
######.###########
#......)...)...)).
#.####.###########
#@# #.# #T# #.#
#.# #.# #.###)##
#.# #......# #.#
######'# #..
####8.####.
#..'..'..#
#..8#..#8..#


You could see a troll.

Vanquished Creatures
  A shadow (D:7)
  A water moccasin (D:5)
  An ice beast (D:6)
  2 black bears
  2 ogres
  2 centaurs (D:7)
  A phantom (D:6)
  A kobold brigand (D:7)
  3 bullfrogs
  3 scorpions
  3 hounds
  A gnoll bouda (D:4)
  2 jellies
  4 iguanas
  17 gnolls
  6 adders
  2 river rats (D:3)
  A white imp (D:6)
  8 worms
  2 dart slugs
  4 orcs
  3 ball pythons
  4 bats
  10 endoplasms
  4 giant cockroaches
  7 goblins
  5 hobgoblins
  3 jackals (D:2)
  2 quokkas
  3 frilled lizards
  10 kobolds
  14 rats
132 creatures vanquished.

Vanquished Creatures (others)
  6 fulminant prisms
6 creatures vanquished.

Grand Total: 138 creatures vanquished

Notes
Turn   | Place    | Note
-------+----------+-------------------------------------------
     0 | D:1      | Iniera the Vine Stalker Conjurer began the quest for the
                  | Orb.
     0 | D:1      | Reached XP level 1. HP: 9/9 MP: 4/4
   245 | D:1      | Reached XP level 2. HP: 13/13 MP: 3/6
   344 | D:1      | Learned a level 2 spell: Searing Ray
   972 | D:1      | Reached XP level 3. HP: 12/16 MP: 2/8
  1178 | D:1      | Learned a level 3 spell: Dazzling Flash
  1734 | D:2      | Gained mutation: Your natural rate of healing is unusually
                  | fast. [Vine Stalker growth]
  1734 | D:2      | Reached XP level 4. HP: 21/21 MP: 5/10
  2055 | D:2      | Reached skill level 5 in Conjurations
  2318 | D:3      | Reached XP level 5. HP: 24/24 MP: 6/12
  2323 | D:3      | Learned a level 4 spell: Fulminant Prism
  2461 | D:3      | Found a faded altar of an unknown god.
  2616 | D:3      | Found an opulent altar of Gozag.
  2793 | D:3      | Found a sparkling altar of Nemelex Xobeh.
  3002 | D:3      | Reached skill level 1 in Hexes
  3553 | D:4      | Reached XP level 6. HP: 28/28 MP: 9/14
  3663 | D:4      | Reached skill level 5 in Spellcasting
  3668 | D:4      | Learned a level 4 spell: Iskenderun's Mystic Blast
  4577 | D:4      | Reached skill level 1 in Translocations
  4578 | D:4      | Reached XP level 7. HP: 30/32 MP: 13/15
  4583 | D:4      | Reached skill level 1 in Fighting
  5386 | D:5      | Entered Level 5 of the Dungeon
  5870 | D:5      | Found a staircase to the Ecumenical Temple.
  5881 | Temple   | Entered the Ecumenical Temple
  5881 | Temple   | Found a transporter.
  5881 | Temple   | Found a transporter.
  5883 | Temple   | Found a transporter.
  5883 | Temple   | Found a transporter.
  6009 | D:5      | Gained mutation: You have razor-sharp teeth. [Vine Stalker
                  | growth]
  6009 | D:5      | Reached XP level 8. HP: 39/39 MP: 17/17
  6304 | D:6      | Found a hazy altar of Hepliaklqana.
  7137 | D:7      | Reached skill level 5 in Translocations
  7433 | D:7      | Reached XP level 9. HP: 39/44 MP: 12/18
  7627 | D:7      | Noticed a troll
  7656 | D:7      | Slain by a troll

Illustrated notes

Levels and vault maps discovered:
D:1:      dpeg_arrival_boxes_within_box, layout_basic
D:2:      layout_basic, amcnicky_mini_rare_corridor_liquid, minivault_23
D:3:      layout_loops_ring, nemelex_spade_bored_becter,
          grunt_gozag_breadcrumbs, hellmonk_ecumenical_altar_lost_god,
          lightli_sewer_entry_pipes, minmay_misc_feat_rugged, minmay_hedge_maze,
          grunt_ministairs_5, kennysheep_generic_room_5
D:4:      layout_basic
D:5:      layout_basic, minmay_temple_entry_drinking_statues,
          minmay_misc_feat_diagonals
D:6:      layout_loops_cross, lemuel_doored_altar, nicolae_sextant
D:7:      minmay_chambers_of_sixes, layout_basic, grunt_ogre_cave, minivault_4
Temple:   hellmonk_temple_divided_pantheon

Skill      XL: |  1  2  3  4  5  6  7  8 |
---------------+-------------------------+-----
Spellcasting   | 3 4 5 |  5.7
Conjurations   | 5 |  5.5
Hexes          | 1 2 4 |  4.5
Translocations | 1 3 5 |  5.8
Fighting       | 2 3 |  3.6
Stealth        | 4 |  4.7
Dodging        | 2 |  2.7

Action                     |  1- 3 |  4- 6 |  7- 9 || total
---------------------------+-------+-------+-------++-------
  Melee: Unarmed           |    17 |       |       ||    17
         Bite              |    13 |    16 |     4 ||    33
         Short sword       |     8 |    43 |       ||    51
         Staff             |       |     5 |    16 ||    21
   Cast: Magic Dart        |    66 |    80 |    45 ||   191
         Searing Ray       |     4 |    12 |    34 ||    50
         Fulminant Prism   |       |       |     6 ||     6
    Use: Scroll            |       |     2 |     6 ||     8
         Potion            |       |       |     1 ||     1
   Stab: Sleeping          |       |     1 |       ||     1
 Armour: Robe              |    11 |    15 |    25 ||    51
  Dodge: Dodged            |    19 |    27 |    42 ||    88

Table legend: (Time is in decaauts)
 A = Elapsed time spent in this place.
 B = Non-inter-level travel time spent in this place.
 C = Inter-level travel time spent in this place.
 D = Time resting spent in this place.
 E = Time spent auto-exploring this place.
 F = Levels seen in this place.
 G = Mean time per level.
                   A        B        C        D        E       F      G
               +--------+--------+--------+--------+--------+-----+--------+
         Total |   7698 |   7416 |    282 |    702 |   5709 |   8 |  962.2 |
       Dungeon |   7658 |   7386 |    272 |    702 |   5702 |   7 | 1094.0 |
        Temple |     40 |     31 |      9 |      0 |      7 |   1 |   40.0 |
               +--------+--------+--------+--------+--------+-----+--------+

Top non-repeatable levels by time:
     D:4: 1942 daAuts
     D:3: 1203 daAuts
     D:1: 1171 daAuts
     D:2: 1106 daAuts
     D:6: 889 daAuts
     D:5: 808 daAuts
     D:7: 537 daAuts
  Temple: 40 daAuts
